 Dungeon Crawl Stone Soup version 0.27-a0-819-g058290f16d (webtiles) character file.

Game seed: 11692204701585020571

31 tilp the Skirmisher (level 3, 0/40 HPs)
             Began as an Ogre Warper on Mar 29, 2021.
             Slain by a white imp (2 damage)
             ... on level 2 of the Dungeon.
             The game lasted 00:01:32 (1361 turns).

tilp the Skirmisher (Ogre Warper)                   Turns: 1361, Time: 00:01:32

Health: 0/40       AC:  3    Str: 15    XL:     3   Next: 22%
Magic:  6/6        EV:  9    Int: 15    God:
Gold:   27         SH:  0    Dex:  8    Spells: 4/6 levels left

rFire    . . .     SeeInvis .   a - +0 mace
rCold    . . .     Faith    .   (no shield)
rNeg     . . .     Spirit   .   b - +0 robe
rPois    .         Reflect  .   (helmet restricted)
rElec    .         Harm     .   (no cloak)
rCorr    .         Rampage  .   (gloves unavailable)
Will     .....                  (boots unavailable)
Stlth    +.........             (no amulet)
HPRegen  0.13/turn              (no ring)
MPRegen  0.10/turn              (no ring)

@: no status effects
A: large, unfitting armour, tough skin 1
a: no special abilities


You were on level 2 of the Dungeon.
You visited 1 branch of the dungeon, and saw 2 of its levels.

You collected 27 gold pieces.

Inventory:

Hand Weapons
 a - a +0 mace (weapon)
Missiles
 e - 5 boomerangs of dispersal
 g - 14 stones (quivered)
Armour
 b - a +0 robe (worn)
Scrolls
 d - a scroll of blinking
 h - a scroll of amnesia {unknown}
 j - a scroll of vulnerability {unknown}
Potions
 c - a potion of heal wounds {unknown}
 f - a potion of degeneration {unknown}
 i - 3 potions of mutation {unknown}
 k - a potion of invisibility {unknown}


   Skills:
 + Level 4.4 Fighting
 + Level 2.2 Maces & Flails
 - Level 1.0 Throwing
 - Level 2.1 Dodging
 - Level 2.4 Spellcasting
 - Level 2.6 Translocations


You had 4 spell levels left.
You knew the following spells:

 Your Spells              Type           Power      Damage    Failure   Level
a - Blink                 Tloc           N/A        N/A       11%         2

Your spell library contained the following spells:

 Spells                   Type           Power      Damage    Failure   Level
 Gell's Gravitas          Tloc           4%         N/A       22%         3
 Lesser Beckoning         Tloc           4%         N/A       22%         3
 Teleport Other           Tloc           9%         N/A       22%         3
 Manifold Assault         Tloc           9%         N/A       89%         5


Dungeon Overview and Level Annotations

Branches:
Dungeon (2/15)

Altars:


Innate Abilities, Weirdness & Mutations

You are too large for most types of armour.
You have tough skin. (AC +1)


Message History

The frilled lizard bites you but does no damage.
You thump the frilled lizard!
You kill the frilled lizard!
No target in view!
HP restored.
g - 14 stones (gained 1)
g - 15 stones (gained 1)
A white imp comes into view.
A white imp is nearby!
The white imp shouts, "Remove thy stench, thou defiled base-court hedge-pig!"
You throw a stone.
The stone hits the white imp but does no damage.
The white imp gestures at you. The puff of frost hits you!
The white imp gestures at you. The puff of frost hits you.
An endoplasm comes into view.
The white imp hits you. The white imp freezes you.
You closely miss the white imp. The white imp hits you.
The white imp freezes you. The white imp barely misses you.
You are too injured to fight recklessly!
You barely miss the white imp. The white imp gestures at you.
The puff of frost hits you!
* * * LOW HITPOINT WARNING * * *
You hit the white imp.
The white imp is lightly wounded.
The white imp hits you but does no damage.
You hit the white imp.
The white imp is severely wounded.
The white imp barely misses you. The white imp hits you.
* * * LOW HITPOINT WARNING * * *
The white imp freezes you.
* * * LOW HITPOINT WARNING * * *
You closely miss the white imp.
The white imp is severely wounded.
The white imp hits you.
* * * LOW HITPOINT WARNING * * *
The white imp freezes you.
You die...

#.#
#.#
#.#
#.#
##.#
#..#
#.##
#.#
#@#
#5#
.J.
...##
....#
.##.##
.. #.
.. ..


You could see a white imp and an endoplasm.

Vanquished Creatures
  2 dart slugs (D:1)
  5 endoplasms (D:1)
  2 goblins (D:1)
  5 hobgoblins (D:1)
  A kobold (D:1)
  A quokka (D:1)
  2 ball pythons (D:1)
  3 bats (D:1)
  3 frilled lizards
  A rat (D:1)
25 creatures vanquished.

Notes
Turn   | Place    | Note
-------+----------+-------------------------------------------
     0 | D:1      | tilp the Ogre Warper began the quest for the Orb.
     0 | D:1      | Reached XP level 1. HP: 22/22 MP: 3/3
   142 | D:1      | Reached skill level 3 in Fighting
   404 | D:1      | Reached XP level 2. HP: 28/32 MP: 5/5
   413 | D:1      | Learned a level 2 spell: Blink
   533 | D:1      | Reached skill level 4 in Fighting
   981 | D:1      | Reached XP level 3. HP: 37/39 MP: 6/6
  1361 | D:2      | HP: 2/40 [white imp (3)]
  1361 | D:2      | Slain by a white imp

Illustrated notes

Levels and vault maps discovered:
D:1:      tarquinn_simple_flora_water_e, layout_loops_ring
D:2:      layout_loops_ring, chequers_ecumenical_altar_island, uniq_terence,
          uniq_crazy_yiuf_cottage

Skill      XL: |  1  2 |
---------------+-------+-----
Fighting       | 3 4 |  4.4
Maces & Flails | 2 |  2.2
Throwing       | |  1.0
Dodging        | |  2.1
Spellcasting   | |  2.4
Translocations | |  2.6

Action                   || total
-------------------------++-------
Melee: Mace              ||    82
Throw: Stone             ||    23
Armor: Robe              ||    23
Dodge: Dodged            ||    29

Table legend: (Time is in decaauts)
 A = Elapsed time spent in this place.
 B = Non-inter-level travel time spent in this place.
 C = Inter-level travel time spent in this place.
 D = Time resting spent in this place.
 E = Time spent auto-exploring this place.
 F = Levels seen in this place.
 G = Mean time per level.
                   A        B        C        D        E       F      G
               +--------+--------+--------+--------+--------+-----+--------+
         Total |   1386 |   1348 |     38 |      0 |   1152 |   2 |  693.0 |
       Dungeon |   1386 |   1348 |     38 |      0 |   1152 |   2 |  693.0 |
               +--------+--------+--------+--------+--------+-----+--------+

Top non-repeatable levels by time:
     D:1: 1291 daAuts
     D:2: 95 daAuts
